 Dungeon Crawl Stone Soup version 0.28.0-45-g0d030f2227 (webtiles) character file.

Game seed: 12897969856556010272

707 Iusername the Covered (level 7, 0/61 HPs)
             Began as a Minotaur Fighter on Apr 22, 2022.
             Was an Initiate of Dithmenos.
             Slain by a gnoll
             ... wielding a +0 halberd
              (8 damage)
             ... on level 6 of the Dungeon.
             The game lasted 00:11:20 (5226 turns).

Iusername the Covered (Minotaur Fighter)            Turns: 5226, Time: 00:11:21

Health: 0/61       AC: 10    Str: 22    XL:     7   Next: 39%
Magic:  6/6        EV: 10    Int: 11    God:    Dithmenos [......]
Gold:   320        SH:  0    Dex: 10    Spells: 6/6 levels left

rFire   + . .      SeeInvis .   A - +3 quarterstaff (chaos)
rCold   x . .      Faith    .   (shield currently unavailable)
rNeg    . . .      Spirit   .   b - +0 scale mail
rPois   .          Reflect  .   (helmet restricted)
rElec   .          Harm     .   B - +0 cloak
rCorr   .          Rampage  .   g - +0 pair of gloves
Will    .....                   (no boots)
Stlth   ..........              (no amulet)
HPRegen 0.20/turn               m - +6 ring of intelligence
MPRegen 0.10/turn               h - ring of fire

@: no status effects
A: horns 2, retaliatory headbutt
a: Renounce Religion


You were on level 6 of the Dungeon.
You worshipped Dithmenos.
Dithmenos was noncommittal.
You visited 2 branches of the dungeon, and saw 7 of its levels.

You collected 320 gold pieces.

Inventory:

Hand Weapons
 a - a +0 long sword
 n - a +2 whip of electrocution
 A - a +3 quarterstaff of chaos (weapon)
Missiles
 o - 2 boomerangs
Armour
 b - a +0 scale mail (worn)
 c - a +0 buckler
 g - a +0 pair of gloves (worn)
 u - an orb of mayhem
 B - a +0 cloak (worn)
Jewellery
 h - a ring of fire (right hand)
 m - a +6 ring of intelligence (left hand)
Wands
 v - a wand of mindburst (13) (quivered)
Scrolls
 e - 5 scrolls of identify {unknown}
 f - a scroll of enchant weapon {unknown}
 k - 2 scrolls of immolation {unknown}
 l - a scroll of amnesia {unknown}
 p - 2 scrolls of teleportation {unknown}
 r - 2 scrolls of vulnerability {unknown}
 t - a scroll of blinking {unknown}
 x - a scroll of brand weapon {unknown}
 y - a scroll of enchant armour {unknown}
 z - a scroll of torment {unknown}
Potions
 d - a potion of degeneration {unknown}
 i - a potion of heal wounds {unknown}
 j - a potion of attraction {unknown}
 q - a potion of berserk rage {unknown}
 s - 3 potions of mutation {unknown}
 w - a potion of haste {unknown}


   Skills:
 + Level 5.4 Fighting
 + Level 5.0 Long Blades
 + Level 2.8 Maces & Flails
 + Level 6.6 Armour
 + Level 1.5 Dodging
 + Level 1.7 Stealth
 + Level 4.3 Shields


You had 6 spell levels left.
You didn't know any spells.
Your spell library contained the following spells:

 Spells                   Type           Power      Damage    Failure   Level
 Static Discharge         Conj/Air       0%         N/A       77%         2
 Lightning Bolt           Conj/Air       0%         1d11      100%        5
 Maxwell's Capacitive Co  Air            0%         ∞         100%        8


Dungeon Overview and Level Annotations

Branches:
Dungeon (6/15)             Temple (1/1) D:5

Altars:
Ashenzari
Dithmenos
Elyvilon
Fedhas
Gozag
Hepliaklqana
Kikubaaqudgha
Makhleb
Nemelex Xobeh
Okawaru
Qazlal
Ru
Trog
Uskayaw
Vehumet
Wu Jian
Xom
Yredelemnul
Zin
The Shining One

Shops:
D:2 !


Innate Abilities, Weirdness & Mutations

You have a pair of horns on your head.
You reflexively headbutt those who attack you in melee.


Message History

You are too injured to fight recklessly!
You are too injured to fight recklessly!
You are too injured to fight recklessly!
You are too injured to fight recklessly!
You are too injured to fight recklessly!
You are too injured to fight recklessly!
You are too injured to fight recklessly!
You are too injured to fight recklessly!
You are too injured to fight recklessly!
You are too injured to fight recklessly!
You are too injured to fight recklessly!
You sock the gnoll shaman!
The gnoll shaman is poisoned.
You headbutt the gnoll shaman.
The gnoll shaman is severely wounded.
The gnoll shaman hits you with a +0 whip.
The gnoll closely misses you.
You closely miss the gnoll shaman.
The gnoll shaman is severely wounded.
The gnoll hits you with a +0 flail.
* * * LOW HITPOINT WARNING * * *
The gnoll shaman mumbles some strange prayers to its god.
The gnoll shaman is healed somewhat.
The gnoll hits you but does no damage.
You hit the gnoll shaman but do no damage.
You headbutt the gnoll shaman!
The gnoll shaman is almost dead.
You kill the gnoll shaman!
Dithmenos accepts your kill. The gnoll hits you with a +0 flail.
* * * LOW HITPOINT WARNING * * *
The gnoll barely misses you.
You completely miss the gnoll. You headbutt the gnoll!
You kill the gnoll!
Dithmenos accepts your kill.
The gnoll hits you from afar with a +0 halberd.
* * * LOW HITPOINT WARNING * * *
The gnoll hits you with a +0 halberd.
* * * LOW HITPOINT WARNING * * *
You barely miss the gnoll. Your headbutt misses the gnoll.
The gnoll closely misses you. The gnoll hits you with a +0 halberd!
You die...

########## #...).<..#
#........#.######
###.............# #
...............)###..#..
................@g......
............#..)..####..
...8...8.##.#........#
.#...#...##.#.....##.#
.###.. ..#.##+## # ...
###.# .. ... ##..


You could see a gnoll.

Vanquished Creatures
  A black bear (D:5)
  A sky beast (D:4)
  A wyvern zombie (D:3)
  A howler monkey (D:5)
  2 hounds (D:5)
  Crazy Yiuf (D:5)
  A gnoll shaman (D:6)
  Natasha (thrice) (D:2)
  2 iguanas
  An orc wizard (D:3)
  3 adders
  3 gnolls
  A worm (D:2)
  4 dart slugs
  11 orcs
  3 endoplasms
  6 giant cockroaches
  3 goblins
  4 hobgoblins
  4 jackals (D:1)
  5 quokkas
  8 ball pythons
  10 bats
  3 frilled lizards
  7 kobolds
  8 rats
97 creatures vanquished.

Vanquished Creatures (others)
  A human (D:4)
1 creature vanquished.

Grand Total: 98 creatures vanquished

Notes
Turn   | Place    | Note
-------+----------+-------------------------------------------
     0 | D:1      | Iusername the Minotaur Fighter began the quest for the Orb.
     0 | D:1      | Reached XP level 1. HP: 19/19 MP: 0/0
    61 | D:1      | Found a faded altar of an unknown god.
    66 | D:1      | Reached skill level 4 in Armour
    66 | D:1      | Reached XP level 2. HP: 8/27 MP: 1/1
   653 | D:1      | Reached XP level 3. HP: 19/33 MP: 2/2
  1431 | D:2      | Found Guolin's Distillery.
  1835 | D:2      | Noticed Natasha
  1842 | D:2      | Killed Natasha
  1843 | D:2      | Reached XP level 4. HP: 35/40 MP: 3/3
  1858 | D:2      | Noticed Natasha
  1867 | D:2      | Killed Natasha
  1868 | D:2      | Reached skill level 1 in Stealth
  1888 | D:2      | Noticed Natasha
  1895 | D:2      | Killed Natasha
  1980 | D:2      | Reached XP level 5. HP: 45/46 MP: 4/4
  2548 | D:3      | Reached skill level 5 in Armour
  3135 | D:3      | Found a bloodstained altar of Trog.
  3137 | D:3      | Found a broken altar of Ashenzari.
  3218 | D:4      | Noticed a sky beast
  3222 | D:4      | Killed a sky beast
  3223 | D:4      | Reached skill level 1 in Maces & Flails
  3223 | D:4      | Reached skill level 1 in Dodging
  3223 | D:4      | Reached XP level 6. HP: 53/53 MP: 5/5
  3426 | D:4      | Found a glowing silver altar of Zin.
  3702 | D:4      | Found an ancient bone altar of Kikubaaqudgha.
  3703 | D:4      | Noticed a human
  3705 | D:4      | Killed a human
  3951 | D:5      | Entered Level 5 of the Dungeon
  4024 | D:5      | Reached skill level 5 in Long Blades
  4176 | D:5      | Found a runed translucent door.
  4177 | D:5      | Noticed Crazy Yiuf
  4296 | D:5      | Reached skill level 5 in Fighting
  4296 | D:5      | Reached skill level 6 in Armour
  4296 | D:5      | Reached XP level 7. HP: 52/61 MP: 6/6
  4476 | D:5      | Found a staircase to the Ecumenical Temple.
  4488 | Temple   | Entered the Ecumenical Temple
  4675 | Temple   | Became a worshipper of Dithmenos the Shadowed
  5115 | D:5      | Killed Crazy Yiuf
  5226 | D:6      | Slain by a gnoll

Illustrated notes

Levels and vault maps discovered:
D:1:      saegor_arrival_simple_d, layout_basic, basic_ecumenical_altar,
          st_stairs_9, minivault_5, minmay_misc_feat_columns, grunt_decor_cap,
          minivault_19
D:2:      layout_loops_ring, serial_shops, shop_statue, uniq_natasha
D:3:      layout_basic, chequers_temple_overflow_statue_of_worship
D:4:      layout_rooms, tgw_kikubaaqudgha, zin_academy
D:5:      layout_cave_pods, temple_green, uniq_crazy_yiuf_cottage
D:6:      layout_basic, mainiacjoe_overflow_brackets,
          hangedman_decor_peaks_small, nicolae_water_bricks,
          minmay_misc_feat_four_crosses, minivault_22, uniq_edmund
Temple:   regret_index_temple_sphere_string

Skill      XL: |  1  2  3  4  5  6 |
---------------+-------------------+-----
Armour         | 4 5 6 |  6.6
Fighting       | 4 5 |  5.4
Shields        | 4 |  4.3
Long Blades    | 3 4 5 |  5.0
Stealth        | 1 |  1.7
Maces & Flails | 1 2 |  2.8
Dodging        | 1 |  1.5

Action                   |  1- 3 |  4- 6 |  7- 9 || total
-------------------------+-------+-------+-------++-------
Melee: Long sword        |   118 |    40 |       ||   158
       Headbutt          |    10 |    16 |     5 ||    31
       Whip              |       |    81 |    19 ||   100
       Quarterstaff      |       |       |    13 ||    13
Evoke: Wand              |       |       |     3 ||     3
  Use: Potion            |       |     1 |       ||     1
Armor: Scale mail        |    66 |    52 |     9 ||   127
Dodge: Dodged            |    66 |    43 |    14 ||   123
Block: Buckler           |    20 |    21 |     7 ||    48
